[Event "*** Qualifier 4: Titled Tuesday 3|2 Blitz"]
[Site "Chess.com"]
[Date "2017.04.25"]
[Round "3"]
[White "prochn"]
[Black "Rock700chess"]
[Result "0-1"]
[WhiteElo "2202"]
[BlackElo "2293"]
[TimeControl "180+2"]
[EndTime "13:35:03 PDT"]
[Termination "Rock700chess won by resignation"]

1. d4 Nf6 2. c4 g6 3. Nc3 d6 4. g3 Bg7 5. Bg2 O-O 6. Nf3 Nbd7 7.
O-O c6 8. e4 e5 9. h3 a6 10.
Be3 Qc7 11. Rc1 Re8 12. Qc2 Nb6 13. b3 a5 14. c5 dxc5 15. dxc5 Nbd7 16. Na4 Nf8 17.
Nb6 Rb8 18. Bd2 N8d7 19. Bxa5 Ra8 20. b4 Nxb6 21. Bxb6 Qd7 22. Rfd1 Qe7 23. a4 h5 24. a5 Bd7 25. Rd6 Nh7 26. Rcd1 Be6 27. Qd2 Kh8 28.
Kh2 Kg8 29. h4 Nf6 30. Ng5 Bb3 31. Rb1 Bc4 32. Bh3 Ng4+ 33. Kg1 Nf6 34. f3 Bh6 35. Rc1 Bb5 36. Rd1 Nh7 37. Bd8 Qf8 38. Rd7 Ba4 39. Bc7 Bxd1 40. Qxd1 Re7 41. Nxh7 Kxh7 42. Bd6 Rxd7 43.
Bxd7 Qg7 44. Qb3 g5 45. hxg5 Qxg5 46. Qxf7+ Kh8 47. Qe6 Qxg3+ 48. Kh1 Qxf3+ 49. Kg1 Be3+ 50. Kh2 Bf4+ 51. Kg1 Rg8+ 52. Qxg8+ Kxg8 53. Be6+ Kg7 0-1

[Event "*** Qualifier 4: Titled Tuesday 3|2 Blitz"]
[Site "Chess.com"]
[Date "2017.04.25"]
[Round "3"]
[White "1stSecond"]
[Black "Bengalas"]
[Result "1-0"]
[WhiteElo "2492"]
[BlackElo "2402"]
[TimeControl "180+2"]
[EndTime "13:35:06 PDT"]
[Termination "1stSecond won by resignation"]

1. d4 Nf6 2. c4 e6 3. Nf3 Bb4+ 4.
Nbd2 O-O 5. g3 d5 6. Bg2 b6 7. O-O Bb7 8. Ne5 Nbd7 9. Ndf3 Nxe5 10. Nxe5 Nd7 11. Nd3 Be7 12. Nf4 Nf6 13. b3 a5 14.
a4 Ra7 15. Bb2 Qa8 16. Qc1 Rd8 17. c5 bxc5 18. Ba3 Nd7 19. Nd3 Ba6 20. dxc5 c6 21. Rd1 Rb8 22. Rb1 Rab7 23. Qc2 Qa7 24. Rdc1 Bxd3 25. exd3 Bf6 26. Bb2 Bxb2 27. Rxb2 Rb4 28.
Qd1 Rxa4 29. d4 Rab4 30. Ra1 Qc7 31. h4 a4 32. Ra3 Qb7 33. Bf1 Rxb3 34. Rba2 Rxa3 35.
Rxa3 Ra8 36. Rxa4 Rxa4 37. Qxa4 g6 38. Qa5 Kg7 39. Qd8 Nf6 40. Qb6 Qxb6 41. cxb6 Nd7 42.
Ba6 Nxb6 43. Bb7 Nc4 44. Bxc6 Nd6 45. g4 h5 46. f3 Kf6 47. Kf2 Nc4 48. Ke2 Na5 49. Bb5 Nb7 50. Ke3 Nd6 51. Bd3 hxg4 52. fxg4 Ne8 53. Kf4 Ng7 54. Bb5 Ke7 55. Kg5 Ne8 56.
Bxe8 Kxe8 57. Kf6 Kf8 58. h5 gxh5 59. gxh5 Kg8 60. h6 Kh7 61. Kxf7 e5 62. dxe5 d4 63. e6 d3 64. e7 d2 65. e8=Q d1=Q 66. Qe4+ 1-0

[Event "*** Qualifier 4: Titled Tuesday 3|2 Blitz"]
[Site "Chess.com"]
[Date "2017.04.25"]
[Round "3"]
[White "AkshatChandra"]
[Black "Marcus_Harvey"]
[Result "1-0"]
[WhiteElo "2688"]
[BlackElo "2513"]
[TimeControl "180+2"]
[EndTime "13:35:09 PDT"]
[Termination "AkshatChandra won by resignation"]

1. d4 e6 2. Nf3 f5 3. g3 Nf6 4.
Bg2 Be7 5. O-O O-O 6. c4 d6 7.
Nc3 a5 8. b3 Qe8 9. Bb2 Qh5 10.
Rc1 Na6 11. e3 Qh6 12. Re1 Ne4 13. Nd2 Nxc3 14. Bxc3 Nb4 15. Ra1 Bf6 16. a3 Nc6 17. Rc1 e5 18. dxe5 Nxe5 19. Nf3 Nxf3+ 20. Bxf3 Bxc3 21. Rxc3 Qf6 22. Qd4 c5 23. Qd2 a4 24.
Rb1 Qe7 25. bxa4 Rxa4 26. Rcb3 Ra7 27. Bd5+ Kh8 28. Qb2 h6 29. h4 Rd8 30. Rb6 Qc7 31. Qc3 Re8 32. R6b3 Re7 33. Qc1 Qd8 34. Qb2 Qf8 35. Rd1 Rd7 36. Rbd3 Qe7 37. Bf3 Ra6 38. Kg2 Rc7 39. Qd2 Be6 40. Qc2 Kh7 41. Bd5 Bxd5+ 42. Rxd5 Qe4+ 43. Qxe4 fxe4 44. Rxd6 Rxa3 45. Re6 b5 46.
cxb5 c4 47. Rc1 Rb3 48. Rc6 Re7 49. Rc5 Rb7 50. R1xc4 R3xb5 51. Rxb5 Rxb5 52. Rxe4 Kg6 53. g4 Rb2 54. h5+ Kf6 55. Rf4+ Ke6 56. Kg3 Rb1 57. Ra4 Kf6 58. Ra6+ Kf7 59. f3 Rb4 60. e4 Rc4 61. Ra3 Rb4 62. Kf4 Rc4 63. Kf5 Rc5+ 64. e5 Rc7 65. f4 Re7 66. Ra6 Rb7 67. Rd6 Ra7 68. Rd7+ Rxd7 69. e6+ 1-0

[Event "*** Qualifier 4: Titled Tuesday 3|2 Blitz"]
[Site "Chess.com"]
[Date "2017.04.25"]
[Round "3"]
[White "ChessQueen"]
[Black "Astaneh"]
[Result "1-0"]
[WhiteElo "2499"]
[BlackElo "2448"]
[TimeControl "180+2"]
[EndTime "13:35:09 PDT"]
[Termination "ChessQueen won by resignation"]

1. e4 c5 2. Nf3 e6 3. d4 cxd4 4.
Nxd4 a6 5. Bd3 Bc5 6. Be3 Qb6 7.
c3 Nc6 8. O-O Nxd4 9. cxd4 Bxd4 10. Bxd4 Qxd4 11. Qe2 Ne7 12. Rd1 Qe5 13. Nd2 Qxb2 14.
Qe3 d5 15. Rdb1 Qe5 16. Nf3 Qd6 17. e5 Qc7 18. Rc1 Nc6 19. Qg5 O-O 20. Bxh7+ Kxh7 21. Qh5+ Kg8 22. Ng5 Re8 23. Qh7+ Kf8 24. Qh8+ Ke7 25.
Qxg7 Rf8 26. Nh7 Qd8 27. Nxf8 Qxf8 28. Qf6+ Ke8 29. h4 Qe7 30. Qf4 Qf8 31. h5 Qg7 32. h6 Qxe5 33. Qg4 Ke7 34. Re1 Qf6 35. Rad1 d4 36. Qh5 Bd7 37. Qc5+ Ke8 38. h7 Qg7 39.
Qh5 Ke7 40. Re4 Rh8 41. Rh4 Qf6 42. Rg4 Qf5 43. Qh4+ Qf6 44. Qh5 Qf5 45. Qh4+ Kd6 46. Qh2+ e5 47. Rh4 Be6 48. Rh6 d3 49. Qg3 Nd4 50.
Qg8 Nf3+ 51. Kh1 Ng5 52. Qxh8 Ne4 53. Qd8+ Kc6 54. Rc1+ Kb5 55. Qxd3+ Kb6 56. Qe3+ Kb5 57. h8=Q Nxf2+ 58. Qxf2 Qxf2 59. Qxe5+ Kb6 1-0

[Event "*** Qualifier 4: Titled Tuesday 3|2 Blitz"]
[Site "Chess.com"]
[Date "2017.04.25"]
[Round "3"]
[White "GMHess"]
[Black "LyonBeast"]
[Result "0-1"]
[WhiteElo "2568"]
[BlackElo "2779"]
[TimeControl "180+2"]
[EndTime "13:35:14 PDT"]
[Termination "LyonBeast won by resignation"]

1. e4 c5 2. Nf3 d6 3. Bb5+ Nd7 4.
c3 Nf6 5. Qe2 a6 6. Ba4 e5 7. O-O Be7 8. Rd1 O-O 9. Bc2 Re8 10. a4 Nf8 11. d4 Qc7 12. dxe5 dxe5 13. Nbd2 Ng6 14. g3 Bg4 15. Nc4 Nh5 16. Be3 b5 17.
axb5 axb5 18. Rxa8 Rxa8 19. Na3 Qc6 20. Kg2 Nhf4+ 21.
Bxf4 exf4 22. h3 fxg3 23. fxg3 Be6 24. e5 Qc8 25. h4 b4 26. Nb5 Ra2 27. Bb1 Ra5 28.
Nd6 Qb8 29. h5 Nf8 30. Qe4 bxc3 31. bxc3 Ra1 32. Bc2 Rxd1 33. Bxd1 Bxd6 34. exd6 Qxd6 35. Bc2 Bd5 36. Qf5 g6 37. hxg6 hxg6 38. Qf4 Qxf4 39. gxf4 f5 40. Kg3 Bxf3 41. Kxf3 Kf7 42. Ba4 Kf6 43.
Ke3 Ne6 44. Bb3 g5 45. fxg5+ Nxg5 46. Kd3 Ke5 47. Kc4 Ne4 48. Kd3 Nd6 49. Ba4 f4 50.
Bc6 c4+ 51. Kd2 Ne4+ 52. Kc2 f3 53. Bb5 Nd6 54. Bd7 f2 55. Bh3 Ne4 56. Bf1 Kd5 57.
Kd1 Nxc3+ 58. Kd2 Kd4 59. Bh3 Nd5 60. Ke2 Nf4+ 0-1

[Event "*** Qualifier 4: Titled Tuesday 3|2 Blitz"]
[Site "Chess.com"]
[Date "2017.04.25"]
[Round "3"]
[White "GrigorGrigorov"]
[Black "Sanan_Sjugirov"]
[Result "1/2-1/2"]
[WhiteElo "2508"]
[BlackElo "2650"]
[TimeControl "180+2"]
[EndTime "13:35:19 PDT"]
[Termination "Game drawn - insufficient material"]

1. Nf3 d5 2. e3 Nf6 3. c4 e6 4. d4 Be7 5. b3 O-O 6. Bd3 c5 7. O-O cxd4 8. exd4 b6 9. Bb2 Bb7 10.
Nbd2 Nc6 11. Rc1 Rc8 12. Qe2 Re8 13. Rfd1 Bf8 14. Nf1 g6 15. Ne3 Bg7 16. Ne5 dxc4 17. Bxc4 Nb4 18. Ba3 a5 19. Bb5 Re7 20. Rxc8 Qxc8 21.
Nd3 Ne4 22. Rc1 Rc7 23. Rxc7 Qxc7 24. Nxb4 axb4 25. Bxb4 Bxd4 26. Be1 Qc1 27. Kf1 Bc3 28.
Qd1 Qb2 29. Qc2 Qa1 30. Qd1 Qb2 31. Qc2 Qxc2 32. Nxc2 Bxe1 33. Kxe1 Nc3 34. Bf1 Nxa2 35. Kd2 Be4 36. Ne3 Nb4 37. Nc4 Nd5 38. f3 Bb1 39.
Kc1 b5 40. Nd6 Bf5 41. g4 Ne3 42. Be2 Bc2 43. Kd2 Bxb3 44. Kxe3 b4 45. g5 Bd5 46. f4 Kg7 47. Kd4 b3 48. Kc3 h6 49.
h4 hxg5 50. hxg5 Kf8 51. Bd1 Ke7 52. Nb5 f6 53. Bxb3 Bxb3 54. Kxb3 fxg5 55. fxg5 e5 56. Kc4 Ke6 57. Nc3 Kf5 58. Kd5 Kxg5 59. Kxe5 Kg4 60.
Kf6 g5 61. Ne4 Kf3 62. Nxg5+ 1/2-1/2

[Event "*** Qualifier 4: Titled Tuesday 3|2 Blitz"]
[Site "Chess.com"]
[Date "2017.04.25"]
[Round "3"]
[White "LawrenceTrent"]
[Black "TenisMaster"]
[Result "1-0"]
[WhiteElo "2408"]
[BlackElo "2673"]
[TimeControl "180+2"]
[EndTime "13:35:27 PDT"]
[Termination "LawrenceTrent won by checkmate"]

1. e4 e5 2. Nf3 Nc6 3. Bb5 a6 4.
Ba4 Nf6 5. O-O b5 6. Bb3 Bc5 7.
a4 Rb8 8. axb5 axb5 9. Nxe5 Nxe5 10. d4 Bxd4 11. Qxd4 d6 12. f4 Nc6 13. Qc3 Ne7 14.
Ra7 c5 15. e5 Nfd5 16. Bxd5 Nxd5 17. Qd2 dxe5 18. Rd1 Be6 19. f5 Qb6 20. fxe6 c4+ 21.
Kh1 Qxa7 22. exf7+ Qxf7 23. Qxd5 Qxd5 24. Rxd5 O-O 25. Kg1 Rbd8 26. Nc3 b4 27. Rxd8 Rxd8 28. Ne2 Rd1+ 29. Kf2 Kf7 30. Ke3 Ke6 31. Bd2 Rb1 32. Bxb4 Rxb2 33. c3 g6 34. Kf3 Kd5 35. Ng3 Rd2 36.
Nf1 e4+ 37. Kg3 Re2 38. Ba5 h5 39. Bb6 Kc6 40. Bd4 g5 41. Ne3 Kb5 42. h4 gxh4+ 43. Kxh4 Ka4 44. Kxh5 Kb3 45. g4 Rxe3 46. Bxe3 Kxc3 47.
g5 Kd3 48. g6 Kxe3 49. g7 c3 50. g8=Q Kd2 51. Qd5+ Kc1 52. Qb3 c2 53. Kg4 Kd2 54.
Qb4+ Kd1 55. Qd4+ Kc1 56. Qb4 Kd1 57. Qb3 Kd2 58. Qb2 Kd1 59. Qd4+ Kc1 60. Kf4 Kb1 61. Qb4+ Ka1 62. Qc3+ Kb1 63. Qb3+ Kc1 64. Ke3 Kd1 65. Qa4 Kc1 66. Qa1# 1-0

[Event "*** Qualifier 4: Titled Tuesday 3|2 Blitz"]
[Site "Chess.com"]
[Date "2017.04.25"]
[Round "3"]
[White "pKiLz5Rn9b"]
[Black "RichardLeyvaP"]
[Result "1/2-1/2"]
[WhiteElo "2442"]
[BlackElo "2406"]
[TimeControl "180+2"]
[EndTime "13:35:35 PDT"]
[Termination "Game drawn by agreement"]

1. d4 Nf6 2. Nf3 g6 3. Nbd2 c5 4. e3 b6 5. Bd3 Bb7 6. O-O Bg7 7. c3 d6 8. e4 O-O 9. a4 cxd4 10. Nxd4 a6 11. Re1 Nbd7 12. Bf1 Qc7 13. f3 Rac8 14. Kh1 Qb8 15. c4 e6 16. Nc2 d5 17. cxd5 exd5 18. exd5 Nxd5 19. Ne4 h6 20. Ne3 Nxe3 21. Bxe3 Ne5 22.
Qb3 Bxe4 23. fxe4 Ng4 24. Bg1 Bd4 25. Qh3 Bxg1 26. Kxg1 h5 27. Be2 Ne5 28. Bxa6 Rc2 29. Re2 Qc7 30. Rxc2 Qxc2 31. Qc3 Qxe4 32. Bb5 Qd5 33. Re1 Nd7 34. Qd3 Qxd3 35. Bxd3 Nc5 36. Bb5 Rd8 37. b4 Ne6 38. Rc1 Rd4 39. Rc4 Rd1+ 40.
Kf2 Rd2+ 41. Kg3 Nd4 42. Ba6 Nf5+ 43. Kf3 Ra2 44. Bb5 Rb2 45. Bd7 Nh6 46. h3 Kg7 47. a5 bxa5 48. bxa5 Rb7 49. Bc8 Rb3+ 50. Kf2 Ra3 51.
a6 Nf5 52. Rc7 Nd6 53. Bb7 Nxb7 54. axb7 Rb3 55. Ke2 g5 56. Kd2 Kg6 57. Kc2 Rb5 58.
g4 hxg4 59. hxg4 f5 1/2-1/2

[Event "*** Qualifier 4: Titled Tuesday 3|2 Blitz"]
[Site "Chess.com"]
[Date "2017.04.25"]
[Round "3"]
[White "LonesomeGeorge1"]
[Black "gumersindo"]
[Result "0-1"]
[WhiteElo "2214"]
[BlackElo "2271"]
[TimeControl "180+2"]
[EndTime "13:35:36 PDT"]
[Termination "gumersindo won by resignation"]

1. d4 Nf6 2. Bf4 d5 3. e3 c5 4. c3 Nc6 5. Nd2 e6 6. Ngf3 Bd6 7. Bg3 O-O 8. Bd3 b6 9. e4 dxe4 10. Nxe4 Nxe4 11. Bxe4 Bb7 12. dxc5 Bxc5 13. Qa4 Qc8 14. Bxh7+ Kxh7 15. Qh4+ Kg8 16. Ng5 Rd8 17. Qh7+ Kf8 18. Qh8+ Ke7 19. Qxg7 Rf8 20. O-O Ke8 21. Rfe1 Nd8 22.
Rad1 Be7 23. Nh7 Qc6 24. f3 Rc8 25. Bh4 Qc5+ 26. Bf2 Qc6 27. Kh1 e5 28. Bh4 Ne6 29. Bxe7 Nxg7 30. Bxf8 Ne6 31. Bb4 Nc5 32. Rxe5+ Qe6 33.
Rxe6+ fxe6 34. Nf6+ Kf7 35. Ng4 Bd5 36. Bxc5 Rxc5 37. Ne5+ Kf6 38. Nd3 Rc8 39. a3 Bb3 40.
Re1 Rd8 41. Nc1 Bd5 42. Kg1 Bc6 43. Nb3 Rd3 44. Nd4 Bd5 45. Re2 Rd1+ 46. Kf2 a5 47. g4 a4 48. h4 Bc4 49. Rc2 Bd3 50. Kg3 Bxc2 51. Nxc2 Rd2 52. Nd4 Rxb2 53. h5 Ra2 54. Kf4 Rxa3 55. g5+ Kf7 56. g6+ Kf6 57. Nb5 Rb3 58.
Nd6 a3 59. Ne4+ Kg7 60. Kg5 Rb5+ 61. Kg4 a2 62. c4 Ra5 63. c5 a1=Q 64. cxb6 Qg1+ 65.
Kf4 Rxh5 66. b7 Qh2+ 67. Ke3 Rb5 68. Nf2 Qe5+ 69. Ne4 Rxb7 70. Kf2 Rb2+ 0-1

[Event "*** Qualifier 4: Titled Tuesday 3|2 Blitz"]
[Site "Chess.com"]
[Date "2017.04.25"]
[Round "3"]
[White "geeeeri"]
[Black "Schemato"]
[Result "1-0"]
[WhiteElo "2282"]
[BlackElo "2239"]
[TimeControl "180+2"]
[EndTime "13:35:42 PDT"]
[Termination "geeeeri won by resignation"]

1. e4 e6 2. d3 c5 3. Nd2 Nc6 4.
Ngf3 g6 5. g3 Bg7 6. Bg2 Nge7 7.
O-O O-O 8. Re1 d6 9. h4 h6 10. Nf1 e5 11. h5 g5 12. N3h2 f5 13. exf5 Bxf5 14. c3 Qd7 15. Be3 Kh8 16. Qd2 Rae8 17. b4 cxb4 18. cxb4 Bh3 19. Bh1 e4 20. Bxe4 d5 21. Bh1 d4 22. Bxg5 hxg5 23. Qxg5 Ng8 24. g4 Nh6 25. Bf3 Ne5 26. Be4 Bxg4 27. Ng3 Nf3+ 28.
Nxf3 Bxf3 29. Qg6 Bxe4 30. Rxe4 Rxe4 31. Qxe4 Qf7 32. Qg2 Qf3 33. Qxf3 Rxf3 34. Rd1 Ng4 35. Rd2 Bh6 36. Re2 Nxf2 37. Kg2 Rxg3+ 38. Kxg3 Nxd3 39. Re4 Be3 40. Re7 Nxb4 41. Rxb7 Nxa2 42. Rxa7 Nb4 43. Rd7 d3 44. Kf3 Bh6 45. Kg4 d2 46. Kf5 Kg8 47.
Kg6 Nc6 48. Kxh6 Ne5 49. Rxd2 Ng4+ 50. Kg5 Ne5 51. Ra2 Nf7+ 52. Kf6 Nh6 53. Ra7 Ng4+ 54. Kg5 Ne5 55. h6 Nf7+ 56. Kh5 Ne5 57. Re7 Nc6 58. Re6 Nd4 59. Re4 Nf5 60. Kg6 Nd6 61. Re6 1-0

[Event "*** Qualifier 4: Titled Tuesday 3|2 Blitz"]
[Site "Chess.com"]
[Date "2017.04.25"]
[Round "3"]
[White "GamayevOleg"]
[Black "maciek_92"]
[Result "0-1"]
[WhiteElo "2341"]
[BlackElo "2514"]
[TimeControl "180+2"]
[EndTime "13:35:43 PDT"]
[Termination "maciek_92 won by resignation"]

1. g3 g6 2. Bg2 Bg7 3. d4 Nf6 4.
c3 d6 5. Nf3 O-O 6. O-O Nbd7 7.
Re1 e5 8. dxe5 dxe5 9. e4 b6 10. Qc2 Bb7 11. Bg5 h6 12. Bxf6 Qxf6 13. Nfd2 Rfd8 14.
Nb3 Bf8 15. a4 a5 16. N1d2 Nc5 17. Nxc5 Bxc5 18. Nb3 Be7 19. Bh3 h5 20. Rad1 Qc6 21. Nd2 Rd6 22. Bg2 Rad8 23. Nf1 Bg5 24. Bf3 Ba6 25.
Rxd6 Qxd6 26. Be2 Bc8 27. Bc4 Bh3 28. Be2 Kg7 29. Rd1 Qe7 30. Rxd8 Qxd8 31. Qd1 Qe8 32. Bc4 Qc6 33. Qd5 Qf6 34. Qd1 c6 35. Qe2 Bg4 36.
Qd3 h4 37. gxh4 Bf4 38. Ng3 Qxh4 39. b4 Qe7 40. b5 cxb5 41. axb5 a4 42. Qd5 a3 43. Kg2 Be6 44. Qd3 a2 45. Bxa2 Bxa2 46. Ne2 Bh6 47. Ng1 Be6 48. Nf3 Bf4 49. Ng1 Qh4 50. h3 Qg5+ 51. Kf1 Qe7 52. Ne2 Qc5 53. Kg2 Bc4 54. Qf3 Bh6 55. Ng3 Qxb5 56. Qg4 Be6 57. Nh5+ Kf8 58. Qh4 gxh5 59. Qxh5 Kg7 60. Qh4 Bf4 61. Qh5 Qd3 0-1

[Event "*** Qualifier 4: Titled Tuesday 3|2 Blitz"]
[Site "Chess.com"]
[Date "2017.04.25"]
[Round "3"]
[White "BogdanDeac"]
[Black "Indianlad"]
[Result "1/2-1/2"]
[WhiteElo "2567"]
[BlackElo "2699"]
[TimeControl "180+2"]
[EndTime "13:35:45 PDT"]
[Termination "Game drawn by repetition"]

1. d4 Nf6 2. Bf4 d5 3. e3 e6 4. Nf3 c5 5. Nbd2 Nc6 6. c3 cxd4 7. exd4 Nh5 8. Be3 f5 9. Ne5 g6 10. Ndf3 Bd6 11. Bb5 Qc7 12. Qa4 Bd7 13. Nxd7 Qxd7 14.
c4 O-O 15. cxd5 exd5 16. O-O Rac8 17. Rac1 Rfe8 18. Qb3 Bb8 19. Rc5 Nf6 20. Bg5 Ne4 21. Rxd5 Qf7 22. Rd7 Qxb3 23. axb3 Na5 24. Bh6 Nxb3 25.
Rg7+ Kh8 26. Bxe8 Rxe8 27. Rxb7 Na5 28. Rb5 Nc4 29. Rc1 Ncd6 30. Re5 Rd8 31. Re7 Kg8 32. d5 Nf7 33. Be3 Kf8 34. Rb7 Ned6 35. Bc5 Kg8 36. Bxd6 Nxd6 37. Re7 Ne4 38. Rd1 Bd6 39. Rxa7 Bc5 40.
Rc7 Bxf2+ 41. Kf1 Bb6 42. Rb7 Bc5 43. b4 Bd6 44. Nd2 Nc3 45. Re1 Nxd5 46. Nc4 Bxb4 47. Rd1 Bf8 48. Ra7 Rc8 49. Rxd5 Rxc4 50. Rd8 Rc6 51.
Kf2 Rf6 52. Kf3 Rf7 53. Rdd7 Rxd7 54. Rxd7 Bh6 55. h4 Bg7 56. Kf4 Bf6 57. g3 h5 58.
Rb7 Kf8 59. Rd7 Kg8 60. Rb7 Kf8 61. Rd7 Kg8 62. Rb7 Kf8 63. Rd7 Kg8 1/2-1/2

[Event "*** Qualifier 4: Titled Tuesday 3|2 Blitz"]
[Site "Chess.com"]
[Date "2017.04.25"]
[Round "3"]
[White "XDPS"]
[Black "biostatistician"]
[Result "1-0"]
[WhiteElo "2532"]
[BlackElo "2432"]
[TimeControl "180+2"]
[EndTime "13:36:20 PDT"]
[Termination "XDPS won by resignation"]

1. d4 Nf6 2. Bf4 g6 3. e3 Bg7 4. h3 O-O 5. Nf3 c5 6. c3 b6 7.
Be2 Bb7 8. O-O d6 9. a4 Nc6 10. Bh2 Qc7 11. Nbd2 Rac8 12. Re1 Qb8 13. Qb1 Qa8 14. Bf1 Na5 15. b4 cxb4 16. cxb4 Nc6 17. Qb3 Rc7 18. Rac1 Rfc8 19. Qb1 a5 20. b5 Nb4 21.
Rxc7 Rxc7 22. Rc1 Qc8 23. Rxc7 Qxc7 24. Nc4 Be4 25. Qd1 Bc2 26. Qa1 Ne4 27. Qa3 Nf6 28. Nfd2 Ne4 29. Nf3 Nf6 30. Ne1 Be4 31. Nf3 Bd5 32.
Nfd2 Ne4 33. Nxe4 Bxe4 34. Bg3 Bd5 35. Qb3 h5 36. f3 Bh6 37. Bf2 Bb7 38. e4 d5 39. Ne5 Bf4 40. Nd3 dxe4 41. fxe4 Bxe4 42.
Nxb4 axb4 43. Qxb4 Qc1 44. Qe1 Qxe1 45. Bxe1 Bc2 46.
a5 bxa5 47. Bxa5 Be3+ 48. Kh1 Bxd4 49. b6 Be4 50. Ba6 Be5 51. Bb4 e6 52. Be7 Bd4 53. Bd8 f5 54. Bc7 Kf7 55. b7 Ba7 56. b8=Q Bxb8 57. Bxb8 g5 58. Be5 h4 59. Kh2 Kg6 60. Bc8 Bd5 61. Bd7 g4 62. Be8+ Kg5 63. Bc7 gxh3 64. Kxh3 f4 65. Bd8+ Kf5 66. Bh5 e5 67. Bg4+ Ke4 68. Bf3+ Kd4 69. Bb6+ Kc4 70. Bxd5+ Kxd5 71. Kxh4 e4 72. Kg4 f3 73. g3 Kc4 74.
Kf4 Kd3 75. g4 Ke2 76. Kxe4 f2 77. Bxf2 Kxf2 78. g5 1-0

[Event "*** Qualifier 4: Titled Tuesday 3|2 Blitz"]
[Site "Chess.com"]
[Date "2017.04.25"]
[Round "3"]
[White "chipmunknau"]
[Black "DariuszMikrut"]
[Result "1/2-1/2"]
[WhiteElo "2410"]
[BlackElo "2414"]
[TimeControl "180+2"]
[EndTime "13:36:29 PDT"]
[Termination "Game drawn by agreement"]

1. Nf3 Nf6 2. d4 g6 3. Bf4 Bg7 4. e3 d6 5. h3 Nbd7 6. Nc3 O-O 7. Bc4 c6 8. O-O b5 9. Bb3 b4 10. Na4 Nb6 11. Re1 Nxa4 12. Bxa4 Qb6 13. e4 c5 14. e5 Nd5 15. dxc5 Qxc5 16. Bg3 dxe5 17. Bxe5 Bb7 18.
Bxg7 Kxg7 19. Qd4+ Qxd4 20. Nxd4 Rfd8 21. Nc6 Bxc6 22.
Bxc6 Rac8 23. Ba4 e6 24. Rad1 a5 25. Bb3 Nb6 26. a4 bxa3 27. Rxd8 Rxd8 28. bxa3 a4 29. Ba2 Rd2 30. Rc1 Kf6 31. Kf1 Ke5 32. Ke1 Rd8 33. Rb1 Nd5 34. Bxd5 Rxd5 35. Rb4 Rd4 36. c3 Rd3 37.
Rc4 g5 38. Ke2 Rd5 39. Rxa4 h5 40. Rb4 Rc5 41. Kd3 Rd5+ 42. Rd4 Rb5 43. Rb4 Rd5+ 44. Ke3 Rd1 45. Rb5+ Kf6 46. h4 gxh4 47. Rxh5 Ra1 48. Rxh4 Rxa3 49. Rf4+ Ke7 50. Kd3 f5 51. g4 fxg4 52. Rxg4 Kd6 53. Rd4+ Ke5 54. Re4+ Kd5 55. Rb4 Ra2 56. f3 Ra1 57. Rb5+ Kc6 58. Re5 Kd6 59. Re3 Ra3 60. Kc4 Ra8 61. Rd3+ Kc6 62. Kd4 Rd8+ 63.
Ke4 Ra8 64. Ke5 Kc5 65. Kxe6 Kc4 66. Rd7 Rf8 67. Rf7 Re8+ 68. Kf5 Kxc3 69. f4 Kd4 70. Rd7+ Ke3 71. Ra7 Rf8+ 72. Ke5 Re8+ 73. Kf5 Rf8+ 74. Kg5 Rg8+ 75. Kf5 Rf8+ 76. Kg6 Rxf4 77. Ra3+ Kf2 1/2-1/2

[Event "*** Qualifier 4: Titled Tuesday 3|2 Blitz"]
[Site "Chess.com"]
[Date "2017.04.25"]
[Round "3"]
[White "Makalexa"]
[Black "Goala"]
[Result "1/2-1/2"]
[WhiteElo "2181"]
[BlackElo "2354"]
[TimeControl "180+2"]
[EndTime "13:37:46 PDT"]
[Termination "Game drawn by stalemate"]

1. e4 e6 2. d4 d5 3. Nc3 Nf6 4. Bg5 Be7 5. e5 Nfd7 6. Bxe7 Qxe7 7. f4 a6 8. Nf3 Nb6 9. Bd3 Bd7 10. O-O c5 11. dxc5 Qxc5+ 12. Kh1 Nc6 13. a3 Rc8 14.
Rc1 Na5 15. Ng5 Nac4 16. Qh5 g6 17. Qh6 Nxb2 18. Nce4 dxe4 19. Nxe4 Nxd3 20. Nxc5 Nxc5 21. Qg7 Rf8 22. Rcd1 Bc6 23. Qxh7 Nd5 24. Qh3 b5 25. Rd4 Kd7 26. Rfd1 Rh8 27. Rxd5+ Bxd5 28. Rxd5+ Ke7 29. Qxh8 Rxh8 30. Rxc5 Kd7 31. Kg1 Rb8 32. c3 a5 33. h4 b4 34. cxb4 axb4 35. axb4 Rxb4 36.
g3 Rb2 37. Rc1 Rd2 38. Rf1 Kc6 39. Rf2 Rd3 40. Kg2 Kd7 41. Rf3 Rd2+ 42. Kh3 Ke7 43. Kg4 Kf8 44. Ra3 Kg7 45. Ra7 Rd3 46. Ra1 Rc3 47.
Rg1 Rb3 48. Kg5 Rb5 49. Kg4 Rb3 50. h5 gxh5+ 51. Kxh5 Rb4 52. Kg5 Rb5 53. Kh4 Kg6 54.
Rf1 Rb8 55. Kg4 Rb4 56. Rh1 Rb2 57. Rh5 Rb3 58. Rg5+ Kh7 59. Kh3 Rc3 60. Kg2 Rb3 61. Kf2 Rc3 62. Ke2 Rb3 63. Kd2 Ra3 64. Kc2 Rf3 65.
Kb2 Re3 66. Kc2 Rf3 67. Kd2 Ra3 68. Ke2 Rb3 69. Kf2 Rd3 70. g4 Rc3 71. f5 exf5 72. gxf5 Kh6 73. Rg3 Rc5 74. e6 Rxf5+ 75. Rf3 fxe6 76. Rxf5 exf5 77. Kf3 Kg5 78. Kg3 f4+ 79.
Kf3 Kf5 80. Kf2 Ke4 81. Ke2 f3+ 82. Kf2 Kf4 83. Kf1 Kg3 84. Kg1 Kg4 85. Kf2 Kf4 86. Kf1 Ke4 87. Kf2 Kf4 88. Kf1 Kf5 89. Kf2 Kg4 90. Kf1 Kg3 91. Kg1 Kh3 92. Kf2 Kg4 93.
Kf1 Kf4 94. Kf2 Ke4 95. Kf1 Ke3 96. Ke1 f2+ 97. Kf1 Kf3 1/2-1/2

[Event "*** Qualifier 4: Titled Tuesday 3|2 Blitz"]
[Site "Chess.com"]
[Date "2017.04.25"]
[Round "3"]
[White "Sebastian"]
[Black "RobertoJBM"]
[Result "1-0"]
[WhiteElo "2738"]
[BlackElo "2448"]
[TimeControl "180+2"]
[EndTime "13:39:55 PDT"]
[Termination "Sebastian won by resignation"]

1. e4 c6 2. Nc3 d5 3. Nf3 dxe4 4.
Nxe4 Bg4 5. Bc4 e6 6. h3 Bxf3 7. Qxf3 Nd7 8. d4 Ndf6 9. c3 Nxe4 10. Qxe4 Nf6 11. Qf3 Bd6 12. O-O Qa5 13. Bd2 Qh5 14. Qxh5 Nxh5 15. g3 Nf6 16. Rfe1 h5 17. Kg2 Kd7 18.
Rad1 h4 19. g4 Nd5 20. Kf3 b5 21. Bd3 f6 22. Re2 Rae8 23. Rde1 g5 24. Be4 Re7 25.
b3 Nf4 26. Bxf4 Bxf4 27. c4 bxc4 28. bxc4 Rb8 29. Bg6 e5 30. Rd1 Kc7 31. d5 cxd5 32.
cxd5 Kd6 33. Rc2 Rc7 34. Rxc7 Kxc7 35. d6+ Kc6 36. Be4+ Kd7 37. Bf5+ Kd8 38. d7 Rb7 39. Rd5 e4+ 40. Kxe4 Rb4+ 41. Kf3 Bc7 42. Rd2 Bf4 43.
Rc2 Bc7 44. Kg2 a5 45. Rc6 Rb6 46. Rc5 Rb2 47. Rc6 Rb6 48. Rc2 Rb4 49. Kf3 Rf4+ 50. Ke3 Bb6+ 51. Kd3 Rd4+ 52. Ke2 Bc7 53. Rc6 Rd6 54.
Rc5 Rb6 55. Rc2 Rb4 56. Kd3 Rb6 57. Ke4 Rb5 58. Rc6 Rb6 59. Rc2 Rb4+ 60. Kd5 Rb6 61. Re2 Be5 62. Ke4 Bc7 63. Rd2 Rd6 64. Rc2 Rb6 65. Kd5 Rd6+ 66. Kc5 Rd1 67. Kb5 Rb1+ 68. Ka6 Rb6+ 69. Ka7 Rb4 70. Rc6 Bb8+ 71. Ka6 Bc7 72. a3 Rd4 73. Kb7 Rd2 74. Ra6 Rb2+ 75. Kc6 Rb3 76.
a4 Rb4 77. Kd5 Rb6 78. Ra8+ Rb8 79. Ra7 Rb6 80. Kc5 Rb3 81. Ra8+ Rb8 82. Ra6 Ke7 83. Kc6 Kd8 84. Kd5 Ke7 85. Kc5 Rb2 86. Kd5 Rd2+ 87. Kc5 Rd6 88. Ra8 Bb6+ 89. Kb5 Bd8 90. Rc8 Rd5+ 91.
Ka6 Rd2 92. Rc4 Rd6+ 93. Kb7 Rd5 94. Re4+ Re5 95. Rc4 Re2 96. Kc8 Re5 97. Rc6 Re1 98.
Kb7 Re2 99. Ka6 Re5 100. Rc4 Kd6 101. f4 gxf4 102. Rxf4 Ke7 103. Rd4 Re3 104. Rc4 Kd6 105. Rc8 Ke7 106. Rc6 Re5 107. Rc4 Re3 108. Rd4 Re2 109. Kb5 Re5+ 110. Kc4 Bb6 111. Rd2 Bd8 112. Kd3 Rd5+ 113. Ke2 Rxd2+ 114. Kxd2 Bc7 115. Kd3 Bf4 116. Kc4 Kd8 117. Kd5 Bd2 118. Ke6 Bg5 119. Bd3 Kc7 120. Be4 Kd8 121. Bf5 Bc1 122. Kxf6 Bd2 123. g5 Bc3+ 124. Kf7 1-0

[Event "*** Qualifier 4: Titled Tuesday 3|2 Blitz"]
[Site "Chess.com"]
[Date "2017.04.25"]
[Round "4"]
[White "Marcus_Harvey"]
[Black "XDPS"]
[Result "0-1"]
[WhiteElo "2505"]
[BlackElo "2540"]
[TimeControl "180+2"]
[EndTime "13:42:05 PDT"]
[Termination "XDPS won by checkmate"]

1. e4 c5 2. c3 d6 3. d4 Nf6 4.
dxc5 Nc6 5. cxd6 Nxe4 6. Nf3 Nxd6 7. Na3 Bg4 8. h3 Bh5 9. Nb5 Nxb5 10. Qxd8+ Rxd8 11. Bxb5 a6 12. Bxc6+ bxc6 13. Ne5 Rd1# 0-1

[Event "*** Qualifier 4: Titled Tuesday 3|2 Blitz"]
[Site "Chess.com"]
[Date "2017.04.25"]
[Round "4"]
[White "gmcorrales"]
[Black "ChessQueen"]
[Result "1-0"]
[WhiteElo "2606"]
[BlackElo "2491"]
[TimeControl "180+2"]
[EndTime "13:42:51 PDT"]
[Termination "gmcorrales won by resignation"]

1. e4 c5 2. Nf3 Nc6 3. d4 cxd4 4.
Nxd4 Nf6 5. Nc3 d6 6. Bg5 e6 7. Qd2 a6 8. O-O-O h6 9. Bxf6 Qxf6 10. Nxc6 bxc6 11. f4 g5 12. g3 d5 13. exd5 cxd5 14.
Nxd5 exd5 15. Qxd5 Rb8 16. Bb5+ 1-0

[Event "*** Qualifier 4: Titled Tuesday 3|2 Blitz"]
[Site "Chess.com"]
[Date "2017.04.25"]
[Round "4"]
[White "arna"]
[Black "jcgs1030"]
[Result "0-1"]
[WhiteElo "2076"]
[BlackElo "2269"]
[TimeControl "180+2"]
[EndTime "13:42:58 PDT"]
[Termination "jcgs1030 won by resignation"]

1. e4 c5 2. Nf3 d6 3. d4 cxd4 4.
Qxd4 a6 5. c4 Nc6 6. Qd2 g6 7. Nc3 Nf6 8. b3 Bg7 9. Bb2 O-O 10. Bd3 Bg4 11. O-O Bxf3 12. gxf3 Ne5 13. Be2 Nfd7 14. f4 Nc6 15. Nd5 Bxb2 16. Qxb2 e6 17.
Ne3 Nc5 18. Qc2 Qf6 19. f5 Nd4 20. Qd2 Nxe4 21. Qd1 Nc3 0-1